Map: [ESL] Alcyone

Players

Elazer - Winner!

  • Race: Zerg Zerg
  • Spawn Location: 7:00

Classic

  • Race: Protoss Protoss
  • Spawn Location: 1:00

Event: ESL Spring 2024 Finals

VOD

Have the link to the VOD?

Description

Time

  • Played on: June 1, 2024, 11:36 a.m.
  • Length: 10:54

All games in this series

Show
View Real Time Build Order
Export as new Build Order

Elazer Zerg - Winner!

Build Orders: Hatch First, Roach Hydra 

Get SALT Encoding   

  12  0:00  Drone  
  13  0:12  Overlord  
  13  0:16  Drone  
  14  0:30  Drone x2  
  16  0:36  Drone  
  17  0:51  Hatchery  
  17  0:55  Drone  
  17  0:58  Drone  
  18  1:08  Extractor  
  17  1:13  Spawning Pool  
  17  1:15  Drone  
  17  1:18  Drone  
  18  1:27  Drone  
  19  1:42  Hatchery  
  18  1:47  Drone  
  20  1:59  Hatchery  
  19  2:04  Queen  
  21  2:10  Overlord  
  21  2:15  Metabolic Boost  
  21  2:20  Drone  
  22  2:29  Drone x2  
  24  2:32  Drone  
  25  2:39  Queen  
  25  2:43  Drone  
  28  2:55  Queen, Zergling x4  
  32  3:05  Zergling x4  
  34  3:11  Zergling x2  
  34  3:12  Zergling x2  
  36  3:13  Zergling x4  
  36  3:17  Drone  
  39  3:23  Overlord  
  38  3:27  Drone x3  
  41  3:42  Overlord  
  41  3:44  Queen x2  
  41  3:46  Drone x2  
  41  3:48  Drone  
  48  3:53  Drone, Overlord  
  49  4:01  Zergling x10  
  54  4:05  Zergling x6  
  57  4:13  Zergling x6  
  57  4:15  Drone  
  60  4:21  Drone  
  61  4:25  Drone x3  
  61  4:27  Drone  
  61  4:28  Drone  
  61  4:29  Overlord  
  66  4:35  Overlord  
  66  4:44  Drone x3  
  61  4:46  Drone x3  
  61  4:49  Drone  
  61  4:52  Drone, Queen  
  66  4:53  Queen  
  66  4:57  Drone x4  
  72  5:00  Overlord  
  72  5:03  Roach Warren  
  72  5:04  Drone x2  
  72  5:06  Drone  
  73  5:10  Overlord  
  73  5:15  Overlord  
  73  5:16  Spore Crawler  
  73  5:18  Drone  
  73  5:20  Spore Crawler  
  72  5:21  Drone  
  72  5:22  Drone, Spore Crawler  
  72  5:24  Zergling x8  
  72  5:28  Overlord  
  77  5:34  Zergling x12  
  83  5:38  Overlord  
  83  5:40  Lair  
  83  5:44  Drone x5  
  88  5:50  Drone, Evolution Chamber  
  88  5:52  Drone  
  88  5:56  Drone x4  
  93  6:00  Drone x3  
  93  6:03  Drone x2, Extractor  
  93  6:04  Extractor  
  93  6:08  Overlord  
  93  6:12  Extractor  
  93  6:13  Roach x4  
  93  6:18  Drone, Extractor x2  
  101  6:19  Drone  
  101  6:22  Overlord  
  101  6:25  Overlord  
  100  6:30  Drone x4, Hatchery  
  101  6:35  Overlord  
  101  6:37  Zergling x6  
  98  6:42  Zergling x4  
  98  6:43  Zergling x2  
  98  6:46  Overlord  
  99  6:51  Drone x2  
  97  6:58  Drone  
  97  6:59  Drone x4  
  99  7:07  Drone, Zerg Missile Weapons Level 1  
  99  7:08  Drone x3  
  100  7:09  Overlord  
  100  7:12  Overlord  
  100  7:15  Hydralisk Den, Drone x2  
  101  7:20  Drone x4  
  101  7:21  Overseer  
  105  7:24  Drone x3  
  104  7:32  Overlord  
  104  7:34  Roach  
  104  7:35  Glial Reconstitution, Roach  
  107  7:44  Hydralisk x6  
  107  7:46  Grooved Spines  
  107  7:50  Hydralisk x5  
  129  8:01  Hydralisk x4  
  137  8:06  Roach x3  
  137  8:07  Overlord x2  
  137  8:08  Overlord  
  137  8:11  Hydralisk  
  145  8:22  Roach x9  
  165  8:34  Roach x7  
  165  8:37  Zergling x12  
  165  8:40  Muscular Augments  
  177  8:41  Zergling x2  
  177  8:47  Zergling x8  
  177  8:48  Ravager  
  183  8:49  Zergling x8  
  183  8:51  Ravager  
  183  8:55  Ravager  
  189  8:57  Zergling x6  
  189  9:02  Hatchery, Zergling x10  
  196  9:04  Zergling x4  
  196  9:05  Zergling x2  
  199  9:11  Zergling x2  
  196  9:17  Zergling x2  
  196  9:18  Zergling x4  
  196  9:22  Hydralisk x7  
  194  9:26  Roach  
  194  9:27  Roach x3  
  194  9:30  Hydralisk x2  
  183  9:35  Hydralisk x2  
  170  9:39  Hydralisk x2  
  170  9:44  Hydralisk  
  165  9:51  Hydralisk x2  
  157  9:54  Hydralisk x2  
  157  9:55  Zergling x16  
  154  10:04  Roach x6  
  159  10:09  Roach x3  
  158  10:16  Roach x4  
  158  10:17  Roach  
  158  10:18  Zergling x4  
  158  10:19  Zergling x2  
  171  10:22  Zergling x6  
  171  10:23  Zergling x2  
  171  10:24  Ravager  
  176  10:29  Roach x4  
Show
View Real Time Build Order
Export as new Build Order

Classic Protoss 

Build Orders: Oracle Opening 

Get SALT Encoding   

  12  0:00  Probe  
  13  0:12  Probe  
  14  0:20  Pylon  
  14  0:24  Probe  
  15  0:38  Probe (Chrono Boost)  
  15  0:40  Gateway  
  16  0:48  Assimilator, Probe (Chrono Boost)  
  17  0:53  Probe (Chrono Boost)  
  18  1:04  Probe  
  18  1:06  Pylon  
  19  1:13  Forge  
  19  1:16  Probe  
  20  1:29  Probe  
  21  1:47  Photon Cannon  
  21  1:48  Pylon  
  21  1:56  Nexus  
  21  2:02  Cybernetics Core  
  21  2:05  Probe  
  22  2:12  Assimilator  
  22  2:17  Probe (Chrono Boost)  
  22  2:19  Pylon  
  23  2:29  Probe (Chrono Boost)  
  24  2:34  Probe (Chrono Boost)  
  24  2:35  Adept (Chrono Boost)  
  25  2:42  Stargate  
  27  2:45  Probe  
  27  2:48  Warp Gate  
  28  2:57  Probe (Chrono Boost)  
  28  2:58  Adept  
  31  3:07  Probe (Chrono Boost)  
  33  3:15  Probe (Chrono Boost)  
  33  3:17  Probe (Chrono Boost)  
  34  3:22  Probe x2 (Chrono Boost)  
  34  3:23  Oracle (Chrono Boost)  
  39  3:33  Probe  
  39  3:34  Adept, Probe  
  41  3:40  Gateway  
  43  3:45  Probe  
  43  3:46  Probe  
  45  3:53  Oracle (Chrono Boost)  
  48  3:58  Probe x2  
  50  4:06  Nexus  
  50  4:10  Pylon  
  50  4:12  Probe x2  
  52  4:20  Assimilator  
  52  4:22  Assimilator  
  52  4:24  Probe x2  
  52  4:27  Oracle (Chrono Boost)  
  57  4:32  Pylon  
  57  4:36  Adept x2  
  61  4:39  Probe  
  62  4:49  Twilight Council  
  62  4:50  Probe  
  63  4:53  Nexus  
  63  4:56  Adept x2  
  63  4:58  Probe  
  67  5:02  Probe  
  68  5:08  Twilight Council  
  68  5:09  Gateway  
  68  5:10  Gateway  
  68  5:16  Adept  
  68  5:20  Nexus  
  70  5:24  Pylon  
  70  5:25  Protoss Ground Weapons Level 1  
  70  5:26  Blink  
  72  5:43  Adept x2, Probe x2 (Chrono Boost)  
  72  5:46  Pylon  
  76  5:55  Probe x2 (Chrono Boost)  
  78  6:02  Probe (Chrono Boost)  
  78  6:03  Probe (Chrono Boost)  
  78  6:05  Gateway  
  78  6:06  Gateway  
  80  6:14  Probe x2  
  82  6:19  Robotics Facility  
  82  6:21  Templar Archives  
  82  6:23  Shield Battery  
  82  6:24  Pylon  
  82  6:26  Probe x2  
  84  6:38  Probe x2  
  86  6:42  Probe  
  85  6:48  Stalker x4  
  85  6:50  Probe x2  
  85  6:54  Assimilator, Probe  
  93  6:57  Assimilator  
  88  7:02  Probe x2  
  88  7:05  Psionic Storm  
  88  7:06  Probe  
  88  7:07  Pylon  
  83  7:12  Gateway  
  83  7:13  Stalker x3  
  83  7:14  Probe x2  
  91  7:18  Gateway  
  91  7:19  Observer  
  91  7:20  High Templar  
  94  7:27  Probe x3  
  97  7:32  Pylon  
  97  7:35  Robotics Facility  
  97  7:37  Pylon  
  97  7:39  Immortal (Chrono Boost)  
  101  7:48  Nexus  
  98  7:55  Pylon  
  98  7:59  High Templar  
  98  8:00  High Templar  
  98  8:02  Probe x3  
  98  8:04  Pylon  
  105  8:11  Immortal (Chrono Boost)  
  105  8:12  Pylon  
  109  8:13  Zealot x2, Photon Cannon  
  109  8:17  Zealot  
  111  8:20  Zealot, High Templar  
  111  8:25  Probe  
  111  8:27  Probe x2  
  113  8:28  High Templar  
  113  8:33  Immortal (Chrono Boost)  
  115  8:41  Assimilator  
  119  8:43  High Templar  
  119  8:44  Probe x2  
  119  8:45  Assimilator, Probe  
  124  8:54  Zealot x3  
  124  8:55  Charge  
  134  9:02  Shield Battery  
  134  9:04  Shield Battery  
  134  9:09  Stalker x3  
  134  9:16  Stalker x2  
  122  9:25  Stalker  
  122  9:28  Stalker x4  
  113  9:33  Archon  
  100  9:40  Stalker  
  100  9:43  Probe  
  100  9:44  Probe x2  
  92  9:49  Stalker  
  92  9:52  Stalker x4  
  90  9:55  Probe  
  90  9:56  Probe x2  
  92  10:05  High Templar  
  88  10:08  Probe x3  
  88  10:12  Immortal  
  89  10:14  Pylon  
  89  10:20  Probe x3 (Chrono Boost)  
  92  10:23  Probe (Chrono Boost)  
  92  10:24  High Templar x2  
  92  10:28  Zealot x2, High Templar  
  100  10:30  Probe (Chrono Boost)  
  100  10:31  Probe x3 (Chrono Boost)  
  107  10:35  Archon  
  107  10:39  Zealot  
  97  10:45  Zealot  
  83  10:50  Zealot x2  
Tags
 
Add a new tag
Caveats
  • Supply blocks, unpowered buildings, or Contaminate may cause inaccurate times.
  • Supply counts are checked every 10 seconds.